[Event "*** Titled Tuesday Blitz"]
[Site "Chess.com"]
[Date "2020.12.29"]
[Round "3"]
[White "FlamingPhoenix123"]
[Black "Jospem"]
[Result "0-1"]
[WhiteElo "2578"]
[BlackElo "2983"]
[TimeControl "180+1"]
[EndTime "10:26:02 PST"]
[Termination "Jospem won by resignation"]

1. e4 c5 2. Nf3 d6 3. d4 cxd4 4. Nxd4 a6 5. Nc3 e6 6. Be3 b5 7.
a3 Bb7 8. f3 h5 9. Qd2 Nd7 10.
O-O-O Ngf6 11. h4 Rc8 12. Bg5 Be7 13. Bd3 Qb6 14. Be3 Qa5 15. Nb3 Qc7 16. Rhg1 Ne5 17. Be2 O-O 18. Bd4 Rfd8 19. Qe3 Ned7 20. g4 hxg4 21.
fxg4 e5 22. Ba7 Nxe4 23. g5 Nxc3 24. bxc3 Qxc3 25. Qxc3 Rxc3 26. Kb2 Rc7 27. Bg4 Be4 28. Rd2 Rxa7 0-1

[Event "*** Titled Tuesday Blitz"]
[Site "Chess.com"]
[Date "2020.12.29"]
[Round "3"]
[White "Pelopidass"]
[Black "BahadirOzen"]
[Result "0-1"]
[WhiteElo "2559"]
[BlackElo "2786"]
[TimeControl "180+1"]
[EndTime "10:26:03 PST"]
[Termination "BahadirOzen won by resignation"]

1. d4 d5 2. Nf3 Nf6 3. c4 e6 4. e3 Be7 5. Nbd2 O-O 6. Bd3 c5 7. b3 b6 8. Bb2 Bb7 9. O-O Nbd7 10. Rc1 Rc8 11. Qe2 Qc7 12. cxd5 Nxd5 13. Rfd1 Qb8 14. a3 cxd4 15. Nxd4 Rxc1 16. Rxc1 Rc8 17. Rxc8+ Qxc8 18. f3 Nc5 19. Bc4 Bf6 20. e4 Nf4 21. Qe3 Bg5 22. Qf2 Nfd3 23. Qg3 Be3+ 24. Kf1 Nxb2 0-1

[Event "*** Titled Tuesday Blitz"]
[Site "Chess.com"]
[Date "2020.12.29"]
[Round "3"]
[White "ural58"]
[Black "Matols"]
[Result "1-0"]
[WhiteElo "2399"]
[BlackElo "2273"]
[TimeControl "180+1"]
[EndTime "10:26:07 PST"]
[Termination "ural58 won by resignation"]

1. e4 e6 2. Qe2 d5 3. exd5 Qxd5 4. Nc3 Qd8 5. Nf3 Nf6 6. d4 c6 7. Bg5 Be7 8. O-O-O O-O 9. g4 b5 10. h4 b4 11. Ne4 a5 12. Nxf6+ Bxf6 13. Qe4 Bb7 14. Bd3 g6 15. Qf4 Nd7 16. h5 Bxg5 17. Nxg5 Qf6 18. Qe3 c5 19. Be4 cxd4 20. Rxd4 Nc5 21. Bxb7 Nxb7 22.
Ne4 Qe5 23. f4 Qg7 24. g5 f5 25. gxf6 Qh6 26. Rd7 e5 27. Rxb7 exf4 28. Qf3 Rac8 29. hxg6 1-0

[Event "*** Titled Tuesday Blitz"]
[Site "Chess.com"]
[Date "2020.12.29"]
[Round "3"]
[White "viktorko131"]
[Black "Region_07"]
[Result "0-1"]
[WhiteElo "2093"]
[BlackElo "2478"]
[TimeControl "180+1"]
[EndTime "10:26:10 PST"]
[Termination "Region_07 won on time"]

1. e4 Nc6 2. d4 d5 3. e5 f6 4. Nf3 Bg4 5. Bb5 fxe5 6. dxe5 e6 7. O-O Bc5 8. Nbd2 Ne7 9. Nb3 Bb6 10. Bg5 O-O 11. c4 Bxf3 12. gxf3 dxc4 13. Qxd8 Raxd8 14. Bxc4 Kf7 15. f4 h6 16. Bxe7 Nxe7 17. a4 a5 18.
Rad1 Nf5 0-1

[Event "*** Titled Tuesday Blitz"]
[Site "Chess.com"]
[Date "2020.12.29"]
[Round "3"]
[White "ferdipy"]
[Black "googlegoom"]
[Result "1-0"]
[WhiteElo "2175"]
[BlackElo "2469"]
[TimeControl "180+1"]
[EndTime "10:26:12 PST"]
[Termination "ferdipy won by resignation"]

1. d4 d5 2. Nf3 Nf6 3. Bg5 e6 4. Nbd2 Be7 5. e3 Nbd7 6. Bd3 c5 7.
c3 b6 8. O-O O-O 9. Qe2 Bb7 10.
Rad1 Ne4 11. Bf4 Nxd2 12. Rxd2 a6 13. Re1 b5 14. Bb1 Qb6 15. h3 b4 16. cxb4 cxd4 17. a3 dxe3 18. Bxe3 Qc7 19. Nd4 Bf6 20. Qg4 Ne5 21.
Qg3 Qd7 22. Bd3 Nxd3 23. Rxd3 Rac8 24. Nb3 Bxb2 25. Nc5 Qb5 26. Rb3 Bf6 27. a4 Qe8 28. Nxb7 Qxa4 29. Rbb1 Rb8 30. Nc5 Qa3 31. Nd7 Bc3 32.
Nxb8 Bxe1 33. Nd7 1-0

[Event "*** Titled Tuesday Blitz"]
[Site "Chess.com"]
[Date "2020.12.29"]
[Round "3"]
[White "GM_dmitrij"]
[Black "anon102030"]
[Result "1-0"]
[WhiteElo "2958"]
[BlackElo "2704"]
[TimeControl "180+1"]
[EndTime "10:26:15 PST"]
[Termination "GM_dmitrij won by resignation"]

1. e4 e5 2. Nf3 Nc6 3. Bc4 Bc5 4. c3 Nf6 5. d3 O-O 6. O-O h6 7. Nbd2 d5 8. exd5 Nxd5 9. a4 a6 10. Re1 Nb6 11. Bb3 Re8 12. a5 Nd7 13. Ne4 Bf8 14.
Nfg5 hxg5 15. Qh5 Re7 16. Bxg5 Qe8 17. Re3 Nc5 18. Nxc5 Be6 19. Bxe7 Bxe7 20. Nxe6 fxe6 21. Bxe6+ 1-0

[Event "*** Titled Tuesday Blitz"]
[Site "Chess.com"]
[Date "2020.12.29"]
[Round "3"]
[White "amatatanav"]
[Black "vugarrasulov"]
[Result "0-1"]
[WhiteElo "2444"]
[BlackElo "2781"]
[TimeControl "180+1"]
[EndTime "10:26:15 PST"]
[Termination "vugarrasulov won on time"]

1. e4 c5 2. Ne2 a6 3. g3 g6 4. Bg2 Bg7 5. c3 d6 6. d4 cxd4 7. cxd4 Nf6 8. O-O O-O 9. Nbc3 Nc6 10. h3 Bd7 11. Be3 b5 12. e5 dxe5 13. dxe5 Nxe5 14. Qd4 Nc4 15. Bg5 Rc8 16. Rad1 Be6 17. Qh4 Qb6 18. b3 Nd6 19. Nd5 Bxd5 20. Bxd5 Nf5 21. Qf4 Rc2 0-1

[Event "*** Titled Tuesday Blitz"]
[Site "Chess.com"]
[Date "2020.12.29"]
[Round "3"]
[White "hansen"]
[Black "QuintilianoR"]
[Result "1-0"]
[WhiteElo "2901"]
[BlackElo "2660"]
[TimeControl "180+1"]
[EndTime "10:26:18 PST"]
[Termination "hansen won by resignation"]

1. e4 c5 2. Nf3 d6 3. Bb5+ Nd7 4. c3 Nf6 5. Qe2 a6 6. Ba4 b5 7.
Bc2 Bb7 8. O-O c4 9. b3 Qc7 10. Na3 d5 11. e5 Ne4 12. bxc4 bxc4 13. Rb1 Ndc5 14. Nxc4 dxc4 15. Qxc4 Rc8 16. d3 Nxd3 17. Ba4+ Bc6 18. Qxe4 Nxc1 19. e6 Ne2+ 20. Kh1 Nxc3 21. Bxc6+ Qxc6 22. Qxc6+ 1-0

[Event "*** Titled Tuesday Blitz"]
[Site "Chess.com"]
[Date "2020.12.29"]
[Round "3"]
[White "FelixJoseYnojosa"]
[Black "ChrisTool2"]
[Result "1-0"]
[WhiteElo "2582"]
[BlackElo "2382"]
[TimeControl "180+1"]
[EndTime "10:26:22 PST"]
[Termination "FelixJoseYnojosa won by checkmate"]

1. e4 c5 2. c3 Nf6 3. e5 Nd5 4. d4 cxd4 5. cxd4 e6 6. Nc3 Nxc3 7.
bxc3 Qc7 8. Bd2 d6 9. f4 b6 10. Nf3 Bb7 11. Bd3 Nd7 12. Qb1 Bxf3 13. gxf3 Be7 14. Bxh7 Bh4+ 15. Ke2 Rc8 16. Rg1 Kf8 17. Bd3 Be7 18. Rg2 Rh3 19. Qb5 Kg8 20. Rag1 Bf8 21. Qb3 Nb8 22. f5 dxe5 23. fxe6 exd4 24. exf7+ Kh8 25.
Qe6 Rxh2 26. Qxc8 Rxg2+ 27. Rxg2 g5 28. Qxf8# 1-0

[Event "*** Titled Tuesday Blitz"]
[Site "Chess.com"]
[Date "2020.12.29"]
[Round "3"]
[White "bilelou"]
[Black "DavidEgglestonIM"]
[Result "0-1"]
[WhiteElo "2521"]
[BlackElo "2774"]
[TimeControl "180+1"]
[EndTime "10:26:25 PST"]
[Termination "DavidEgglestonIM won by resignation"]

1. d4 Nf6 2. Nc3 e6 3. e4 d5 4. Bg5 dxe4 5. Nxe4 Be7 6. Bxf6 gxf6 7. Nf3 f5 8. Nc3 a6 9. Qd2 b5 10. g3 Bb7 11.
Bg2 Qd6 12. O-O Nd7 13. a4 b4 14. Ne2 c5 15. Rad1 cxd4 16. Nexd4 Qc7 17. Qe2 Be4 18.
Rfe1 O-O 19. Nd2 Bxg2 20. Kxg2 Bf6 21. N2f3 Nb6 22. a5 Nc4 23. b3 Nxa5 24. Nxe6 fxe6 25. Qxe6+ Rf7 26. Qxf5 Raf8 27. Re6 Kh8 28. Rxa6 Bg7 29. Qxa5 Qxa5 30. Rxa5 Rxf3 31. Rd2 Bc3 32. Rd4 Bxd4 0-1

[Event "*** Titled Tuesday Blitz"]
[Site "Chess.com"]
[Date "2020.12.29"]
[Round "3"]
[White "vladgoncharov"]
[Black "VladimirBugayev"]
[Result "1-0"]
[WhiteElo "2544"]
[BlackElo "2284"]
[TimeControl "180+1"]
[EndTime "10:26:25 PST"]
[Termination "vladgoncharov won by resignation"]

1. e4 c6 2. d4 d5 3. e5 Bf5 4.
Nf3 e6 5. Be2 c5 6. O-O Qb6 7.
Nc3 Nc6 8. Na4 Qa5 9. Nxc5 Bxc5 10. dxc5 Qxc5 11. c3 Nge7 12. Be3 Qa5 13. h3 O-O 14. b4 Qc7 15. Bc5 f6 16. exf6 Rxf6 17. Bd3 b6 18.
Be3 Ne5 19. Nxe5 Qxe5 20. Bd4 Qf4 21. Bxf6 gxf6 22. Bxf5 Nxf5 23. Re1 Kf7 24. Qh5+ Ke7 25. Qxh7+ Kd6 26. Qf7 1-0

[Event "*** Titled Tuesday Blitz"]
[Site "Chess.com"]
[Date "2020.12.29"]
[Round "3"]
[White "MasterMK73"]
[Black "KetiGrant"]
[Result "0-1"]
[WhiteElo "2260"]
[BlackElo "2454"]
[TimeControl "180+1"]
[EndTime "10:26:25 PST"]
[Termination "KetiGrant won on time"]

1. e4 c5 2. c3 d5 3. exd5 Qxd5 4. d4 Nf6 5. Nf3 e6 6. Be2 Be7 7. O-O O-O 8. Be3 Rd8 9. Ne5 Nbd7 10. Bf3 Qd6 11. Bf4 Nxe5 12. Bxe5 Qb6 13. Qe2 Bd7 14. a4 a5 15. dxc5 Bxc5 16. Bxf6 gxf6 17. Ra2 Kh8 18.
Nd2 Rg8 19. Ne4 Be7 20. Qd2 Bc6 0-1

[Event "*** Titled Tuesday Blitz"]
[Site "Chess.com"]
[Date "2020.12.29"]
[Round "3"]
[White "pedromartinez91"]
[Black "frederiksvane"]
[Result "0-1"]
[WhiteElo "2495"]
[BlackElo "2747"]
[TimeControl "180+1"]
[EndTime "10:26:31 PST"]
[Termination "frederiksvane won by checkmate"]

1. e4 c5 2. Nf3 g6 3. d4 cxd4 4.
Qxd4 Nf6 5. Bb5 a6 6. e5 axb5 7. exf6 Nc6 8. Qd3 exf6 9. O-O d5 10. Nc3 Be6 11. Qxb5 Qd7 12. Rd1 Bg7 13. Nxd5 Ra5 14. Nc3 Qxd1+ 15. Nxd1 Rxb5 16. Nc3 Ra5 17. a3 f5 18. Bd2 O-O 19. Re1 Rc5 20. Be3 Bxc3 21. Bxc5 Bxe1 22. Bxf8 Bxf2+ 23. Kxf2 Kxf8 24. Ke3 Bd5 25. Ne1 Ke7 26. b3 b5 27. g3 Kd6 28. Nd3 Be4 29.
Ne1 g5 30. h4 h6 31. hxg5 hxg5 32. g4 Ke5 33. gxf5 Kxf5 34. a4 bxa4 35. bxa4 g4 36. Kf2 Kf4 37. c4 g3+ 38. Kg1 Ke3 39. Kf1 f5 40. a5 Nxa5 41. c5 f4 42. c6 Nxc6 43.
Kg1 f3 44. Ng2+ Kd4 45. Nf4 f2+ 46. Kf1 Bd3+ 47. Kg2 f1=Q+ 48. Kxg3 Ne5 49. Ne6+ Ke3 50. Nf4 Qf3+ 51. Kh4 Qg4# 0-1

[Event "*** Titled Tuesday Blitz"]
[Site "Chess.com"]
[Date "2020.12.29"]
[Round "3"]
[White "MoreChessJulia"]
[Black "Jenia84"]
[Result "0-1"]
[WhiteElo "2088"]
[BlackElo "2322"]
[TimeControl "180+1"]
[EndTime "10:26:36 PST"]
[Termination "Jenia84 won by resignation"]

1. d4 Nf6 2. c4 e6 3. Nf3 b6 4. a3 Be7 5. g3 O-O 6. Bg2 Bb7 7. O-O d6 8. b3 Nbd7 9. Bb2 c5 10. Nbd2 cxd4 11.
Nxd4 Bxg2 12. Kxg2 Rc8 13. f3 d5 14. Rc1 Bc5 15. b4 Be7 16. Nb5 a6 17. Nd4 a5 18.
cxd5 Nxd5 19. Qb3 axb4 20. e4 Nc5 21. Rxc5 bxc5 22. exd5 cxd4 23. dxe6 fxe6 24. Qxe6+ Kh8 25. Nb3 bxa3 26. Bxd4 Bf6 27. Rd1 Bxd4 28. Rxd4 Qe8 29. Qa6 Rc2+ 30. Rd2 Rxd2+ 31. Nxd2 Qa8 0-1

[Event "*** Titled Tuesday Blitz"]
[Site "Chess.com"]
[Date "2020.12.29"]
[Round "3"]
[White "Lion-Al-Messi"]
[Black "ElGasanov"]
[Result "1-0"]
[WhiteElo "2549"]
[BlackElo "2745"]
[TimeControl "180+1"]
[EndTime "10:26:37 PST"]
[Termination "Lion-Al-Messi won by resignation"]

1. d4 e6 2. e4 d5 3. exd5 exd5 4. Bd3 c5 5. Nf3 c4 6. Be2 Bd6 7. b3 cxb3 8. axb3 Nc6 9. O-O Nge7 10. c4 O-O 11. Nc3 Bg4 12. h3 Bh5 13. Bb2 a6 14.
Re1 Rc8 15. Rc1 Re8 16. Ne5 Bxe2 17. Rxe2 Bb8 18. Re1 Ba7 19. Qf3 f6 20. cxd5 Nxd4 21. Qh5 fxe5 22. Rxe5 Ng6 23. Rxe8+ Qxe8 24. Qg4 Rxc3 25.
Rxc3 Qe1+ 26. Kh2 Bb8+ 27. Rg3 Qxf2 28. Qc8+ Nf8 29. Qxb8 Ne2 30. Rxg7+ 1-0

[Event "*** Titled Tuesday Blitz"]
[Site "Chess.com"]
[Date "2020.12.29"]
[Round "3"]
[White "GameOverBro"]
[Black "Shepherdboy"]
[Result "0-1"]
[WhiteElo "2469"]
[BlackElo "2326"]
[TimeControl "180+1"]
[EndTime "10:26:39 PST"]
[Termination "Shepherdboy won by resignation"]

1. e4 d6 2. Nc3 e5 3. Bc4 Nf6 4.
d3 Be7 5. f4 O-O 6. Nf3 Nbd7 7.
O-O c6 8. a4 a5 9. Qe1 exf4 10.
Bxf4 Nc5 11. h3 Be6 12. Bxe6 Nxe6 13. Be3 d5 14. e5 Nd7 15. d4 Qb6 16. Qd2 f6 17.
Kh1 fxe5 18. dxe5 Bc5 19. Bxc5 Ndxc5 20. b3 Rad8 21. Rad1 d4 22. Ne2 d3 23. Nc1 dxc2 24.
Qxc2 Rxd1 25. Rxd1 Rd8 26. Rd6 Rxd6 27. exd6 Qd8 28. Qd1 Ne4 29. Qe1 N6c5 30. Nd3 Nxd3 31. Kg1 Nxe1 0-1

[Event "*** Titled Tuesday Blitz"]
[Site "Chess.com"]
[Date "2020.12.29"]
[Round "3"]
[White "PavelChernomordik"]
[Black "r31415"]
[Result "1-0"]
[WhiteElo "2294"]
[BlackElo "2493"]
[TimeControl "180+1"]
[EndTime "10:26:41 PST"]
[Termination "PavelChernomordik won by resignation"]

1. e4 e5 2. Nf3 Nc6 3. Bc4 Bc5 4. O-O d6 5. h3 Nf6 6. c3 O-O 7. d4 Bb6 8. Bg5 h6 9. Bh4 g5 10. Nxg5 hxg5 11. Bxg5 Kg7 12. f4 exd4 13. Kh2 Qe8 14. e5 Ne4 15. Qh5 Nxg5 16. Qxg5+ Kh8 17. Qf6+ Kg8 18. Rf3 Bg4 19. Rg3 1-0

[Event "*** Titled Tuesday Blitz"]
[Site "Chess.com"]
[Date "2020.12.29"]
[Round "3"]
[White "Aygehovit1992"]
[Black "comsac"]
[Result "1-0"]
[WhiteElo "2597"]
[BlackElo "2402"]
[TimeControl "180+1"]
[EndTime "10:26:43 PST"]
[Termination "Aygehovit1992 won by resignation"]

1. Nf3 d5 2. g3 e6 3. Bg2 Nf6 4.
O-O Be7 5. d3 O-O 6. Nbd2 b6 7.
e4 Bb7 8. e5 Ne8 9. Re1 c5 10.
Nf1 Nc7 11. h4 Nd7 12. h5 f6 13. h6 g6 14. exf6 Bxf6 15. N1h2 Bh8 16. Bg5 Qe8 17. c3 Qf7 18. d4 Rae8 19. Ng4 Qf5 20. Ne3 Qf7 21. Qa4 a6 22. Bf4 e5 23. Ng5 Qe7 24.
dxe5 Nxe5 25. Ng4 Qd8 26. Nxe5 Bxe5 27. Bxe5 b5 28. Qh4 Rf5 29. Bxc7 1-0

[Event "*** Titled Tuesday Blitz"]
[Site "Chess.com"]
[Date "2020.12.29"]
[Round "3"]
[White "CHENNAIBOND"]
[Black "HanSchut"]
[Result "0-1"]
[WhiteElo "1581"]
[BlackElo "2241"]
[TimeControl "180+1"]
[EndTime "10:26:44 PST"]
[Termination "HanSchut won by resignation"]

1. e4 c5 2. Nf3 d6 3. d4 cxd4 4.
Nxd4 Nf6 5. Nc3 a6 6. h3 e5 7. Nde2 Be6 8. g3 Be7 9. Bg2 O-O 10. O-O Qc8 11. Kh2 b5 12. f4 b4 13.
Nd5 Nxd5 14. exd5 Bf5 15. fxe5 Qxc2 16. Qxc2 Bxc2 17. Nd4 Bg6 18. Bf4 dxe5 19. Bxe5 Ra7 20. d6 Bf6 21. Bxf6 gxf6 22. Rxf6 Rd7 23. Nc6 Kg7 24.
Rf4 Nxc6 25. Bxc6 Rxd6 26. Bg2 a5 27. a3 b3 28. Rf2 Rc8 29. Re1 Rc2 30. Rxc2 bxc2 31.
Kg1 Rd1 0-1

[Event "*** Titled Tuesday Blitz"]
[Site "Chess.com"]
[Date "2020.12.29"]
[Round "3"]
[White "Saylormoon"]
[Black "IngOscarArdila"]
[Result "1-0"]
[WhiteElo "2338"]
[BlackElo "2108"]
[TimeControl "180+1"]
[EndTime "10:26:45 PST"]
[Termination "Saylormoon won by resignation"]

1. e4 c5 2. Nf3 Nc6 3. Bb5 g6 4.
Bxc6 bxc6 5. d4 Qa5+ 6. Bd2 Qb6 7.
dxc5 Qxc5 8. Bc3 Nf6 9. Nbd2 Bg7 10. O-O O-O 11. e5 Nd5 12. Bd4 Qa5 13. c4 Nf4 14.
Bc3 Qb6 15. Ne4 Qc7 16. Qd2 Ne6 17. Rfd1 Rb8 18. b3 Qb6 19. Ba5 Qa6 20. Nd4 Nxd4 21. Nc5 Qxa5 22. Qxa5 d6 23. Nd3 dxe5 24. Qxa7 e4 25.
Qxb8 1-0

[Event "*** Titled Tuesday Blitz"]
[Site "Chess.com"]
[Date "2020.12.29"]
[Round "3"]
[White "Khusenkhojaev"]
[Black "12teen"]
[Result "0-1"]
[WhiteElo "2427"]
[BlackElo "2746"]
[TimeControl "180+1"]
[EndTime "10:26:46 PST"]
[Termination "12teen won by resignation"]

1. Nf3 b6 2. g3 Bb7 3. Bg2 d5 4. d4 Nf6 5. c4 dxc4 6. Qa4+ Nbd7 7. O-O a6 8. Qxc4 b5 9. Qc2 e6 10. Rd1 c5 11. dxc5 Bxc5 12. Bg5 Rc8 13. Bxf6 Qxf6 14. Nc3 b4 15. Qd3 Nb6 16. Ne4 Bxe4 17. Qxe4 O-O 18.
b3 Nd5 19. Qe5 Qe7 20. Nd4 Bxd4 21. Rxd4 Nc3 22. Bf3 h6 23. h4 Rc5 24. Qe3 a5 25. a3 Rc7 26. axb4 axb4 27. Kg2 Qc5 28. Ra6 Qb5 29. Qd3 Qc5 30. Rc4 Qe7 31. Rxb4 Qxb4 0-1

[Event "*** Titled Tuesday Blitz"]
[Site "Chess.com"]
[Date "2020.12.29"]
[Round "3"]
[White "KhamzinOlzhas"]
[Black "HeadShotRomanTest"]
[Result "1/2-1/2"]
[WhiteElo "2478"]
[BlackElo "2187"]
[TimeControl "180+1"]
[EndTime "10:26:46 PST"]
[Termination "Game drawn by repetition"]

1. d4 Nf6 2. c4 g6 3. Nc3 Bg7 4. e4 d6 5. f3 O-O 6. Be3 a6 7. a4 Nbd7 8. Bd3 c5 9. Nge2 e6 10. O-O b6 11. b3 Bb7 12. d5 exd5 13. cxd5 Ne5 14. Bc4 Nfd7 15. Qc2 Qe7 16. Rac1 Rae8 17. Bf2 f5 18. Ng3 f4 19. Nge2 g5 20. Kh1 h5 21.
Ng1 g4 22. Qe2 Qg5 23. Bxa6 Bxa6 24. Qxa6 g3 25. Be1 gxh2 26. Nh3 Qf6 27. Ne2 Ra8 28. Qb7 Rfb8 29. Qc7 Bf8 30. Nexf4 Rc8 31. Qb7 Rcb8 32. Qc7 Rc8 33. Qb7 Rcb8 34. Qc7 1/2-1/2

[Event "*** Titled Tuesday Blitz"]
[Site "Chess.com"]
[Date "2020.12.29"]
[Round "3"]
[White "Itk04"]
[Black "Walter_White_Poland"]
[Result "1-0"]
[WhiteElo "2490"]
[BlackElo "2321"]
[TimeControl "180+1"]
[EndTime "10:26:47 PST"]
[Termination "Itk04 won on time"]

1. e4 e5 2. Nf3 Nc6 3. Bc4 Nf6 4. d3 d5 5. exd5 Nxd5 6. O-O Nb6 7. Bb5 Bd6 8. Re1 f6 9. d4 O-O 10. Bxc6 bxc6 11. dxe5 fxe5 12. Nc3 Bg4 13. Ne4 Bxf3 14. gxf3 Qh4 15. c4 c5 16. Ng3 Qxc4 17. Be3 Qf7 18.
Rc1 Qxa2 19. Bxc5 Bxc5 20. Rxc5 Qxb2 21. Rxc7 Rad8 22. Qe2 Nd5 23. Rxg7+ Kxg7 24. Qxb2 1-0

[Event "*** Titled Tuesday Blitz"]
[Site "Chess.com"]
[Date "2020.12.29"]
[Round "3"]
[White "torsten64"]
[Black "fmshawnrl123"]
[Result "0-1"]
[WhiteElo "2127"]
[BlackElo "2755"]
[TimeControl "180+1"]
[EndTime "10:26:47 PST"]
[Termination "fmshawnrl123 won by resignation"]

1. d4 Nf6 2. c4 e6 3. Nf3 d5 4. cxd5 exd5 5. Nc3 Bb4 6. Bg5 h6 7. Bxf6 Qxf6 8. e3 O-O 9. Bd3 Re8 10. O-O c6 11. Rc1 Bg4 12. Bb1 Nd7 13. Qd3 Nf8 14. Ne5 Be6 15. a3 Bd6 16. f4 g6 17.
b4 a5 18. Na2 axb4 19. Nxb4 Qg7 20. Qb3 f6 21. Ned3 Bf5 22. Nc5 Bxb1 23. Rxb1 Bxc5 24.
dxc5 Qe7 25. Rfc1 Qxe3+ 26. Qxe3 Rxe3 27. Nc2 Rc3 28. Rxb7 Raxa3 29. Nxa3 Rxc1+ 30. Kf2 Rxc5 31. Rc7 Ne6 32. Re7 Nxf4 33. Nb1 Kf8 34. Rh7 h5 35. Nd2 Ne6 36. Nf3 Rc2+ 37. Kg3 d4 38. Nh4 Rc3+ 39.
Kf2 Nf4 40. g3 Nd3+ 41. Ke2 Ne5 42. Rc7 c5 43. Ng2 Rc2+ 44. Kf1 d3 45. Nf4 Rc1+ 46. Kf2 d2 47. Ne6+ Kg8 0-1

[Event "*** Titled Tuesday Blitz"]
[Site "Chess.com"]
[Date "2020.12.29"]
[Round "3"]
[White "kirillshevchenko"]
[Black "hurricane7791"]
[Result "1-0"]
[WhiteElo "2877"]
[BlackElo "2634"]
[TimeControl "180+1"]
[EndTime "10:26:49 PST"]
[Termination "kirillshevchenko won by resignation"]

1. e4 c5 2. Nf3 Nc6 3. Nc3 e5 4. Bc4 Be7 5. d3 d6 6. Nd2 Nf6 7. Nf1 Bg4 8. f3 Be6 9. Ne3 O-O 10. O-O Nd7 11. a3 Nb6 12. Ba2 Bg5 13. Ned5 Bxc1 14. Rxc1 Kh8 15. f4 exf4 16. Nxf4 Bxa2 17. Nxa2 d5 18.
Nc3 dxe4 19. Nxe4 c4 20. Qh5 h6 21. Kh1 cxd3 22. Nxd3 Qd5 23. Qxd5 Nxd5 24. Nd6 b6 25. Nxf7+ Kg8 26. Nd6 Rxf1+ 27. Rxf1 Rd8 28. Nf5 Rf8 29. Kg1 Re8 30. Re1 Rf8 31. Ne3 Re8 32. Nxd5 1-0

[Event "*** Titled Tuesday Blitz"]
[Site "Chess.com"]
[Date "2020.12.29"]
[Round "3"]
[White "ARMQUEEN"]
[Black "Fighter008"]
[Result "0-1"]
[WhiteElo "2411"]
[BlackElo "2608"]
[TimeControl "180+1"]
[EndTime "10:26:50 PST"]
[Termination "Fighter008 won by resignation"]

1. e4 c5 2. Nc3 a6 3. d4 cxd4 4. Qxd4 Nc6 5. Qd2 b5 6. b3 e6 7.
Bb2 Nf6 8. f3 b4 9. Nce2 d5 10.
exd5 Nxd5 11. O-O-O Be7 12. Ng3 Bg5 13. f4 Bxf4 14.
Qxf4 Nxf4 15. Rxd8+ Kxd8 16. Bxg7 Rg8 17. Bf6+ Kc7 18.
Nf3 Nd5 19. Bb2 Bb7 20. Bc4 Nb6 21. Bd3 f5 22. Re1 Rae8 23. Re3 f4 24. Bxh7 fxe3 25. Bxg8 Rxg8 26. Kd1 Nd5 27. Ke2 a5 28. Ne1 Ba6+ 29.
Kf3 e5 30. Ke4 Nc3+ 31. Bxc3 bxc3 32. Kxe3 Nd4 33. Ke4 Kd6 34. Nh5 Bb7+ 35. Kd3 Rh8 36. g4 Nf3 37. Nxf3 Bxf3 38. Kxc3 Bxg4 39. Ng3 Rxh2 40.
Ne4+ Kc6 0-1

[Event "*** Titled Tuesday Blitz"]
[Site "Chess.com"]
[Date "2020.12.29"]
[Round "3"]
[White "LiderChessAcademy"]
[Black "swimmerchess"]
[Result "1-0"]
[WhiteElo "2621"]
[BlackElo "2806"]
[TimeControl "180+1"]
[EndTime "10:26:51 PST"]
[Termination "LiderChessAcademy won on time"]

1. d4 Nf6 2. c4 g6 3. Nf3 Bg7 4. g3 O-O 5. Bg2 d6 6. Nc3 Nbd7 7. O-O e5 8. e4 exd4 9. Nxd4 Re8 10. h3 a6 11. Be3 Rb8 12. Qc2 c5 13. Nde2 b5 14.
Rad1 Qe7 15. cxb5 axb5 16. Nf4 Bb7 17. Nfd5 Nxd5 18. Nxd5 Bxd5 19. exd5 b4 20. Rfe1 Qf6 21. Bc1 h5 22. h4 1-0

[Event "*** Titled Tuesday Blitz"]
[Site "Chess.com"]
[Date "2020.12.29"]
[Round "3"]
[White "1f3_2g41-0"]
[Black "Frolyanov_D"]
[Result "0-1"]
[WhiteElo "2426"]
[BlackElo "2677"]
[TimeControl "180+1"]
[EndTime "10:26:52 PST"]
[Termination "Frolyanov_D won by resignation"]

1. e4 c5 2. Nf3 e6 3. d4 cxd4 4. Nxd4 a6 5. c4 Nf6 6. Nc3 d6 7. Be2 Be7 8. O-O O-O 9. f4 Nbd7 10. Bf3 Qc7 11. Be3 Qxc4 12. Rc1 Qc7 13. Nd5 Qd8 14.
Nc7 Rb8 15. Nxa6 bxa6 16. Nc6 Qe8 17. e5 dxe5 18. fxe5 Nd5 19. Bxd5 exd5 20. Qxd5 Rb5 21. Qd3 Nxe5 22. Nxe5 Rxe5 23. Bd4 Rd5 24. Qe4 Be6 25. Rc3 Rg5 26. b3 Bd5 27. Qf4 Rxg2+ 28. Kh1 Rg4+ 0-1

[Event "*** Titled Tuesday Blitz"]
[Site "Chess.com"]
[Date "2020.12.29"]
[Round "3"]
[White "FLamps8"]
[Black "gmcorrales"]
[Result "0-1"]
[WhiteElo "2544"]
[BlackElo "2774"]
[TimeControl "180+1"]
[EndTime "10:26:54 PST"]
[Termination "gmcorrales won by resignation"]

1. d4 Nf6 2. c4 g6 3. Nc3 d5 4.
Nf3 Bg7 5. Bg5 Ne4 6. cxd5 Nxg5 7. Nxg5 e6 8. Nf3 exd5 9. e3 O-O 10. Be2 a5 11. O-O c6 12. a3 Qd6 13. Na4 Nd7 14.
Rc1 Re8 15. Nc5 Nxc5 16. Rxc5 Bd7 17. Qb3 Bf6 18. Rfc1 Kg7 19. h3 h5 20. Qb6 Bc8 21. Rxa5 Rxa5 22. Qxa5 g5 23. Qc5 Qe6 24. Ne5 Bxe5 25.
dxe5 Qxe5 26. b4 g4 27. hxg4 hxg4 28. b5 g3 29. Qc3 d4 30. exd4 gxf2+ 0-1

[Event "*** Titled Tuesday Blitz"]
[Site "Chess.com"]
[Date "2020.12.29"]
[Round "3"]
[White "ChessLover0108"]
[Black "CheckThis4"]
[Result "0-1"]
[WhiteElo "2753"]
[BlackElo "2546"]
[TimeControl "180+1"]
[EndTime "10:26:54 PST"]
[Termination "CheckThis4 won by checkmate"]

1. d4 d5 2. Nf3 Nf6 3. c4 e6 4. Nc3 Bb4 5. Bg5 dxc4 6. e4 c5 7. e5 cxd4 8. Nxd4 Qa5 9. exf6 Bxc3+ 10. bxc3 Qxg5 11. fxg7 Qxg7 12. g3 Nc6 13. Qa4 Bd7 14. Qxc4 Nxd4 15. cxd4 Bc6 16. Rg1 O-O 17. Rd1 Rac8 18.
Qb4 Rfd8 19. Bg2 Bxg2 20. Rxg2 Rc2 21. Qxb7 Qg5 22. Kf1 Rc1 23. Rxc1 Qxc1+ 24. Ke2 Qc2+ 25. Kf1 Qd1# 0-1

[Event "*** Titled Tuesday Blitz"]
[Site "Chess.com"]
[Date "2020.12.29"]
[Round "3"]
[White "MuhittinBuker"]
[Black "IsuruAlahakoon"]
[Result "1-0"]
[WhiteElo "2124"]
[BlackElo "2296"]
[TimeControl "180+1"]
[EndTime "10:26:56 PST"]
[Termination "MuhittinBuker won on time"]

1. d4 d5 2. c4 Nc6 3. cxd5 Qxd5 4. e3 e5 5. Nc3 Bb4 6. Bd2 Bxc3 7. bxc3 Qd6 8. Qb3 Nf6 9. Nf3 O-O 10. Be2 b6 11.
O-O Bb7 12. Rfd1 Ne4 13. Be1 Kh8 14. dxe5 Qg6 15. Nh4 Qg5 16. f4 Qe7 17. Bf3 Nc5 18. Qc2 f6 19. Nf5 Qe6 20. Nd4 Qe8 21. Bg3 fxe5 22.
Nxc6 Bxc6 23. Bxc6 Qxc6 24. fxe5 Ne4 25. Bf4 Rad8 26. c4 g5 27. Bg3 Qc5 28. Qxe4 1-0

[Event "*** Titled Tuesday Blitz"]
[Site "Chess.com"]
[Date "2020.12.29"]
[Round "3"]
[White "The_Machine04"]
[Black "mbojan"]
[Result "0-1"]
[WhiteElo "2429"]
[BlackElo "2677"]
[TimeControl "180+1"]
[EndTime "10:26:57 PST"]
[Termination "mbojan won by resignation"]

1. d4 g6 2. Nf3 Bg7 3. Nbd2 d5 4. e3 Nf6 5. Bd3 O-O 6. O-O c5 7. c3 Nc6 8. Ne5 Nxe5 9. dxe5 Ng4 10. e4 Nxe5 11.
Bc2 dxe4 12. Nxe4 b6 13. Qxd8 Rxd8 14. Re1 Bb7 15. Bf4 Nd3 16. Bxd3 Rxd3 17. Ng5 h6 18. Nh3 e6 19. Rad1 Rad8 20. Rxd3 Rxd3 21. Be3 g5 22. f3 Rd8 23. Nf2 f5 24. Bc1 Kf7 25. Rd1 Rxd1+ 26. Nxd1 e5 27. Kf2 Ke6 28. Ke2 f4 29. Kd3 Kf5 30. Nf2 h5 31. h3 c4+ 32.
Kxc4 Ba6+ 33. Kd5 Bf1 34. Ne4 Bxg2 35. Nd6+ Kg6 36. Ke4 Bxh3 37. c4 Bg2 38. Nf5 Bxf3+ 39. Kxf3 Kxf5 0-1